 Dungeon Crawl Stone Soup version 0.28.0-43-g3370ac3207 (webtiles) character file.

Game seed: 400298612884940731

4 terff the Sneak (level 1, 0/12 HPs)
             Began as an Octopode Brigand on Mar 20, 2022.
             Was a Follower of Hepliaklqana.
             Succumbed to an adder's poison
             ... on level 3 of the Dungeon.
             The game lasted 00:00:32 (142 turns).

terff the Sneak (Octopode Brigand)                   Turns: 142, Time: 00:00:32

Health: 0/12       AC:  1    Str: 10    XL:     1   Next: 60%
Magic:  1/1        EV: 12    Int: 13    God:    Hepliaklqana [*.....]
Gold:   0          SH:  0    Dex: 13    Spells: 0/0 levels left

rFire   . . .      SeeInvis .   a - +2 dagger
rCold   . . .      Faith    .   (no shield)
rNeg    . . .      Spirit   .   (helmet restricted)
rPois   .          Reflect  .   (no amulet)
rElec   .          Harm     .   (no ring)
rCorr   .          Rampage  .   (no ring)
Will    .....                   (no ring)
Stlth   ++++......              (no ring)
HPRegen 0.04/turn               (no ring)
MPRegen 0.07/turn               (no ring)
                                (no ring)
                                (no ring)

@: lethally poisoned (0 -> -8)
A: reduced essence, almost no armour, amphibious, 8 rings, camouflage 1,
gelatinous body 1, (nimble swimmer 1), tentacles
a: Renounce Religion, Recall Ancestor, Ancestor Identity


You were on level 3 of the Dungeon.
You worshipped Hepliaklqana.
Hepliaklqana was aware of your devotion.
You visited 1 branch of the dungeon, and saw 3 of its levels.

Inventory:

Hand Weapons
 a - a +2 dagger (weapon)
Missiles
 b - 8 poisoned darts (quivered)
 c - 2 curare-tipped darts


   Skills:
 + Level 2.0 Fighting
 + Level 2.1 Short Blades
 + Level 2.0 Throwing
 + Level 1.0 Dodging
 + Level 5.5 Stealth


You couldn't memorise any spells.
You didn't know any spells.
Your spell library was empty.

Dungeon Overview and Level Annotations

Branches:
Dungeon (3/15)

Altars:
Hepliaklqana


Innate Abilities, Weirdness & Mutations

Your life essence is reduced to manifest your ancestor. (-10% HP)
You cannot wear most types of armour.
You are amphibious.
You can wear up to eight rings at the same time.
Your skin changes colour to match your surroundings (Stealth+).
Your rubbery body absorbs attacks. (AC +1, EV +1)
((You are camouflaged when in or above water. (Stealth+)))
You have tentacles for arms and can constrict up to eight enemies at once.


Message History

A goblin comes into view. It is wielding a +0 dagger.
There is an escape hatch in the floor here.
You slide downwards.
The hatch slams shut behind you.
Found 5 gold pieces.
You can't go up here!
Found 27 bolts.
Found a stone staircase leading down.
Found 16 stones.
There is a stone staircase leading down here.
You climb downwards.
There is a stone staircase leading up here.
A worm comes into view.
Found a fizzy inky potion.
An adder and an endoplasm come into view.
Found 8 gold pieces.
Found 5 gold pieces.
A ball python comes into view.
Found a scroll labelled TUTIRE RUHEF.
You open the door.
A dart slug and an adder come into view.
A goblin and a rat come into view.
Found a scroll labelled RICECOPHITRI.
There is an open door here.
The dart slug launches a dart at you. The slug dart hits you.
You hit the dart slug. You grab the dart slug. You squeeze the dart slug!
You kill the dart slug!
The goblin shouts!
The adder hisses angrily.
You hear a shout!
The adder closely misses you.
A kobold comes into view. It is wielding a +0 short sword.
Found a scroll labelled FYLOUF DYRIS.
The adder bites you.
You are poisoned.
The adder poisons you! The adder bites you.
You are more poisoned.
The adder poisons you!
* * * LOW HITPOINT WARNING * * *
You feel very sick. The goblin barely misses you.
The adder closely misses you. Æðelind hits the adder.
You die...

#............
#............
#.##............ .
..##.......K.... ......
#.##....?....... #. #.
##........r......
....?.....# #...........
##.###.##.# #..S@.......
..........###..R.g......
.# #.# #...'..........?
.###.####.###...........
..........# #...........
.##$....### #...........
.######S# #...........
.# #.# ############ .#
#.#


You could see the friendly Æðelind the ancestor, an adder (ally target), a
goblin, a kobold and a rat.

Vanquished Creatures
  A dart slug (D:3)
  A ball python (D:1)
2 creatures vanquished.

Notes
Turn   | Place    | Note
-------+----------+-------------------------------------------
     0 | D:1      | terff the Octopode Brigand began the quest for the Orb.
     0 | D:1      | Reached XP level 1. HP: 14/14 MP: 1/1
    34 | D:1      | Found a faded altar of an unknown god.
    47 | D:1      | Prayed at the altar of an unknown god.
    47 | D:1      | Became a worshipper of Hepliaklqana the Forgotten
    47 | D:1      | Reached * piety under Hepliaklqana
   142 | D:3      | Succumbed to an adder's poison

Illustrated notes

Levels and vault maps discovered:
D:1:      amcnicky_arrival_single_pillar, layout_loops_corners,
          ebering_ecumenical_altar_mist, minmay_misc_feat_encased
D:2:      layout_loops_cross, serial_co_window_serial,
          co_window_of_opportunity_a, co_window_cross_1, co_window_paths_a,
          co_window_paths_a, co_window_of_opportunity_a, co_window_corner_a,
          co_window_corner_a, co_window_corner_b, co_window_broadway_c,
          co_window_unsneaky_path_e, co_window_broadway_c, glass_columns_a,
          glass_columns_c, basic_altar, grunt_ministairs_12, uniq_sigmund,
          uniq_robin
D:3:      layout_basic, nicolae_overflow_hidden_temple, grunt_decor_one_mirror,
          minmay_diced_spiral

Action                   || total
-------------------------++-------
Melee: Dagger            ||     2
       Constrict         ||     1
       Tentacles         ||     1
 Stab: Sleeping          ||     1
Dodge: Dodged            ||     3
